Map: 캑터스 밸리 - 래더 (공허)

Players

jjakji - Winner!

  • Race: Terran Terran
  • Spawn Location: 11:00

TYTY (TY)

  • Race: Terran Terran
  • Spawn Location: 5:00

Event: IEM XI Katowice - World Championship 2017

VOD

Have the link to the VOD?

Description

Time

  • Played on: March 2, 2017, 2:09 a.m.
  • Length: 8:32

All games in this series

Show
View Real Time Build Order
Export as new Build Order

jjakji Terran - Winner!

Build Orders: Reaper Expand, MMM Bio 

Get SALT Encoding   

  12  0:00  SCV  
  13  0:12  SCV  
  14  0:17  Supply Depot  
  14  0:24  SCV  
  14  0:28  Refinery  
  15  0:38  SCV  
  16  0:44  Barracks  
  16  0:50  SCV  
  17  1:03  SCV  
  18  1:15  SCV  
  19  1:31  Reaper, Orbital Command  
  20  1:44  Command Center  
  20  1:55  Factory  
  20  2:00  SCV  
  21  2:06  Barracks Reactor  
  21  2:10  Refinery  
  21  2:12  SCV  
  22  2:21  Supply Depot  
  22  2:24  SCV  
  23  2:43  Marine x2, SCV, Starport  
  26  2:49  Widow Mine  
  28  2:56  SCV  
  29  3:00  Orbital Command  
  29  3:02  Marine  
  29  3:03  Marine  
  31  3:09  SCV  
  32  3:19  Starport Tech Lab  
  32  3:20  Marine  
  32  3:21  Marine, SCV  
  32  3:23  Factory Tech Lab  
  36  3:27  SCV  
  36  3:33  SCV  
  37  3:39  Raven, SCV  
  40  3:45  SCV  
  40  3:47  Supply Depot  
  43  3:51  Barracks  
  43  3:54  Barracks  
  41  3:56  SCV, Barracks Tech Lab  
  41  3:57  SCV  
  41  4:02  Siege Tank  
  46  4:09  SCV x2  
  48  4:11  Supply Depot  
  48  4:17  Stimpack  
  48  4:20  Refinery  
  48  4:21  SCV x2  
  50  4:27  Refinery  
  50  4:28  Starport Reactor  
  50  4:29  Marine  
  51  4:33  SCV x2  
  51  4:37  Engineering Bay  
  53  4:40  Marine x2  
  53  4:41  Barracks Reactor  
  55  4:45  SCV  
  55  4:46  Marine, SCV  
  58  4:53  Supply Depot  
  58  4:55  Siege Tank  
  58  4:57  Supply Depot  
  58  4:59  SCV  
  62  5:09  Terran Infantry Weapons Level 1  
  62  5:14  Supply Depot  
  62  5:15  Marine x3, SCV x2  
  62  5:17  Medivac  
  62  5:20  Medivac  
  71  5:24  Marine x2  
  73  5:30  SCV  
  73  5:31  SCV  
  73  5:33  Marine x3  
  78  5:36  Supply Depot  
  78  5:38  Siege Tank  
  78  5:42  Marine x2  
  82  5:49  Medivac  
  85  5:50  Marine  
  86  5:58  Marine x2, Medivac  
  86  6:00  Supply Depot  
  86  6:01  Supply Depot, Marine  
  86  6:02  Marine  
  92  6:08  Marine  
  93  6:15  Marine  
  93  6:17  Combat Shields  
  94  6:19  Supply Depot  
  94  6:21  Marine x3  
  100  6:29  Supply Depot  
  100  6:30  SCV x2  
  100  6:32  Marine  
  103  6:33  Marine  
  103  6:39  Marine x3  
  101  6:40  Command Center  
  104  6:49  Siege Tank  
  104  6:50  Marine, Medivac  
  104  6:51  Marine  
  104  6:52  Medivac  
  113  6:58  SCV x2  
  115  7:01  Marine x3  
  115  7:08  Marine  
  119  7:11  Marine  
  120  7:19  Marine x3  
  112  7:25  Marine  
  112  7:28  Marine  
  105  7:35  Siege Tank  
  105  7:37  Marine x3  
  101  7:39  SCV  
  101  7:40  SCV  
  101  7:42  Armory  
  101  7:43  Marine, Engineering Bay  
  104  7:46  Marine  
  105  7:52  Barracks x2  
  105  7:54  Marine  
  105  7:55  Marine x2  
  108  8:01  Marine  
  108  8:04  Marine  
  110  8:07  Orbital Command  
  110  8:10  SCV x2  
  110  8:12  Marine  
  112  8:13  Marine x2  
Show
View Real Time Build Order
Export as new Build Order

TYTY Terran 

Build Orders: Reaper Expand 

Get SALT Encoding   

  12  0:00  SCV  
  13  0:12  SCV  
  14  0:21  Supply Depot  
  14  0:24  SCV  
  15  0:29  Refinery  
  15  0:43  SCV  
  15  0:45  Barracks  
  16  0:55  SCV  
  17  1:07  SCV  
  18  1:19  SCV  
  19  1:31  Reaper  
  19  1:32  Orbital Command  
  20  1:47  Command Center  
  20  1:59  Factory  
  20  2:02  SCV  
  20  2:07  Barracks Reactor  
  21  2:12  Refinery  
  21  2:16  SCV  
  21  2:19  Supply Depot  
  22  2:28  SCV  
  23  2:41  SCV  
  23  2:43  Marine x2  
  26  2:46  Starport  
  26  2:48  Factory Tech Lab  
  25  2:53  SCV  
  26  3:03  Orbital Command  
  27  3:05  SCV  
  27  3:12  Marine  
  27  3:17  SCV  
  27  3:19  Siege Tank  
  31  3:25  Marine  
  32  3:29  Marine, SCV  
  32  3:32  SCV  
  35  3:42  SCV  
  35  3:43  Marine  
  35  3:44  SCV  
  35  3:47  Marine, Supply Depot  
  39  3:54  SCV  
  39  3:55  Raven  
  42  4:01  Marine, Factory Tech Lab, SCV  
  44  4:06  SCV  
  44  4:15  Command Center  
  44  4:16  SCV  
  45  4:18  SCV  
  49  4:28  Marine x2, SCV  
  49  4:30  Supply Depot  
  49  4:31  SCV  
  49  4:38  Raven  
  52  4:39  Supply Depot  
  52  4:40  SCV  
  52  4:41  Refinery  
  52  4:42  Refinery  
  52  4:45  SCV  
  54  4:52  Marine x2, SCV  
  57  4:53  Siege Tank  
  57  4:57  SCV  
  61  5:08  SCV  
  61  5:09  SCV  
  61  5:13  Barracks  
  63  5:15  Barracks  
  63  5:20  SCV  
  63  5:21  SCV  
  65  5:25  Marine, Stimpack  
  65  5:27  Orbital Command  
  66  5:28  Starport Reactor  
  66  5:29  Siege Tank  
  66  5:32  SCV  
  66  5:33  SCV  
  66  5:35  Engineering Bay  
  71  5:38  Engineering Bay  
  71  5:44  SCV  
  71  5:45  SCV  
  73  5:55  SCV  
  74  5:57  SCV  
  74  6:00  Marine x2  
  74  6:01  Terran Infantry Weapons Level 1  
  74  6:02  Supply Depot  
  74  6:03  Siege Tank  
  79  6:11  Marine x2, Starport Reactor  
  79  6:12  Marine  
  79  6:16  Terran Infantry Armor Level 1  
  82  6:20  SCV x2  
  82  6:22  SCV  
  82  6:24  Marine  
  87  6:28  Barracks x2  
  87  6:29  Marine  
  89  6:33  Missile Turret  
  89  6:35  Siege Tank  
  89  6:37  Supply Depot  
  89  6:38  Supply Depot  
  90  6:48  Medivac x2  
  90  6:49  SCV x3  
  90  6:50  Marine x3  
  90  6:51  Marine  
  101  7:01  Marine  
  101  7:04  Armory  
  85  7:18  Medivac  
  85  7:20  Orbital Command  
  73  7:26  SCV x2  
  73  7:28  Siege Tank  
  73  7:29  Marine x2  
  61  7:33  Marine x2  
  61  7:37  Orbital Command  
  61  7:38  SCV  
  61  7:41  Marine  
  63  7:46  Marine  
  63  7:49  SCV  
  63  7:51  Marine x2, SCV  
  65  7:52  Marine  
  65  7:58  Barracks Reactor x2  
  68  8:01  SCV  
  68  8:03  SCV x2  
  69  8:07  Marine  
  69  8:08  Refinery  
  70  8:13  SCV  
  70  8:15  SCV  

Tags
 
Add a new tag
Caveats
  • Supply blocks, unpowered buildings, or Contaminate may cause inaccurate times.
  • Supply counts are checked every 10 seconds.